 Seeded DCSS version 0.31-a0-102-g33a4ccc0cb (webtiles) character file.

Game seed: 17553349573891074639 (custom seed)

7524 edwardauron the Cleaver (level 10, -16/67 HPs)
             Began as a Demonspawn Gladiator on May 26, 2023.
             Was a Believer of Nemelex Xobeh.
             Demolished by a titanic slime creature (56 damage)
             ... on level 10 of the Dungeon on May 27, 2023.
             The game lasted 00:10:31 (7686 turns).

edwardauron the Cleaver (Demonspawn Gladiator)      Turns: 7686, Time: 00:10:32

Health: -16/67     AC: 11    Str: 18      XL:     10   Next: 95%
Magic:  17/17      EV: 17    Int: 13      God:    Nemelex Xobeh [**....]
Gold:   1618       SH:  6    Dex: 17 (18) Spells: 9/9 levels left

rFire   + . .        m - +9 broad axe of Asia {speed, rC+ Int+4}
rCold   + + .        j - +0 buckler
rNeg    + . .        k - +3 leather armour {rC+}
rPois   .            c - +1 helmet
rElec   .            (no cloak)
rCorr   +            v - +0 pair of gloves
SInv    .            n - +0 pair of boots "Izixeli" {rF+ rCorr}
Will    +++..        A - amulet of the Four Winds {rN+ Will+++ Clar}
Stlth   ++           i - +5 ring of evasion
HPRegen 0.31/turn    (no ring)
MPRegen 0.15/turn

%: clarity
@: no status effects
A: claws 1, thin skeletal structure 1, foul stench 2, spiny 1, deterioration 1
a: Renounce Religion, Draw Escape, Draw Destruction, Draw Summoning


You were on level 10 of the Dungeon.
You worshipped Nemelex Xobeh.
Nemelex Xobeh was pleased with you.
You visited 1 branch of the dungeon, and saw 10 of its levels.
You also visited: Bailey.

You collected 2407 gold pieces.
You spent 789 gold pieces at shops.

Inventory:

Hand Weapons
 m - the +9 broad axe of Asia (weapon) {speed, rC+ Int+4}
   (You acquired it on level 1 of the Dungeon)

   Int:       It affects your intelligence (+4).
   rC:        It protects you from cold.
Missiles
 d - 3 throwing nets (quivered)
 e - 3 javelins
Armour
 c - a +1 helmet (worn)
 j - a +0 buckler (worn)
 k - a +3 leather armour of cold resistance (worn)
 n - the +0 pair of boots "Izixeli" (worn) {rF+ rCorr}
   (You found it on level 2 of the Dungeon)

   rF:        It protects you from fire.
   rCorr:     It protects you from acid and corrosion.
 t - a +1 plate armour of fire resistance
 v - a +0 pair of gloves (worn)
Jewellery
 a - a ring of see invisible
 i - a +5 ring of evasion (left hand)
 A - the amulet of the Four Winds (around neck) {rN+ Will+++ Clar}
   (You bought it in a shop on level 5 of the Dungeon)

   [amulet of nothing]

   rN:        It protects you from negative energy.
   Clar:      It protects you from confusion, rage, mesmerisation and fear.
   Will:      It greatly increases your willpower.
Wands
 b - a wand of iceblast (12)
 B - a wand of paralysis (15)
 C - a wand of polymorph (11)
Scrolls
 l - 3 scrolls of magic mapping
 r - a scroll of torment
 u - a scroll of silence
 w - 3 scrolls of teleportation
 y - 5 scrolls of blinking
Potions
 f - 3 potions of heal wounds
 g - 2 potions of brilliance
 h - 2 potions of enlightenment
 o - a potion of cancellation {unknown}
 p - 6 potions of curing
 q - a potion of mutation
Miscellaneous
 s - a piece from Xom's chessboard (15/15)


   Skills:
 - Level 2.0 Fighting
 + Level 10.5 Axes
 - Level 1.7 Throwing
 - Level 6.0 Armour
 - Level 2.6 Dodging
 - Level 7.2 Shields
 + Level 9.8 Invocations


You had 9 spell levels left.
You didn't know any spells.
Your spell library contained the following spells:

 Spells                   Type           Power      Damage    Failure   Level
 Ensorcelled Hibernation  Hex/Ice        0%         N/A       54%         2
 Lesser Beckoning         Tloc           0%         N/A       54%         2
 Passwall                 Tmut/Erth      0%         N/A       54%         2
 Sublimation of Blood     Necr           0%         N/A       54%         2
 Wereblood                Tmut           0%         N/A       54%         2
 Dazzling Flash           Conj/Hex       0%         N/A       78%         3
 Gell's Gravitas          Tloc           0%         N/A       78%         3
 Swiftness                Air            0%         N/A       78%         3
 Teleport Other           Tloc           0%         N/A       78%         3
 Agony                    Necr           0%         N/A       100%        5
 Silence                  Hex/Air        0%         N/A       100%        5
 Summon Hydra             Summ           0%         N/A       100%        7


Dungeon Overview and Level Annotations

Branches:
Dungeon (10/15)            Temple (0/1) D:6          Bailey (visited)
   Lair: D:8-11         Orc: D:9-12

Altars:
Cheibriados
Hepliaklqana
Kikubaaqudgha
Nemelex Xobeh
Qazlal
Wu Jian

Shops:
D:5 =


Innate Abilities, Weirdness & Mutations

You have sharp fingernails.
You have a somewhat thin skeletal structure. (Dex +2, Stealth+)
You sometimes emit foul miasma when damaged in melee.
You are partially covered in sharp spines.
Your body sometimes deteriorates upon taking damage.


Message History

There is a stone staircase leading up here.
You climb upwards.
There is a stone staircase leading down here.
You start resting.
HP restored.
You climb downwards.
There is a stone staircase leading up here.
You hit the two-headed ogre.
The two-headed ogre is lightly wounded.
You slice the two-headed ogre!!
The two-headed ogre is moderately wounded.
The two-headed ogre barely misses you.
The two-headed ogre hits you with a +0 dire flail!
Your body deteriorates!
You feel clumsy.
You slice the two-headed ogre!!
The two-headed ogre is severely wounded.
You hit the two-headed ogre.
The two-headed ogre is severely wounded.
The two-headed ogre is struck by your spines.
The two-headed ogre barely misses you.
The two-headed ogre hits you with a +0 dire flail!
Your body deteriorates!
You feel clumsy.
You slice the two-headed ogre!!
You kill the two-headed ogre!
You feel your dexterity returning.
Training target 6.0 for Armour reached!
Your Armour skill increases to level 6!
There is a stone staircase leading up here.
Okay, then.
You slash the titanic slime creature!
The titanic slime creature is moderately wounded.
You slash the titanic slime creature!
The titanic slime creature is moderately wounded.
You block the titanic slime creature's attack.
You slice the titanic slime creature!!
The titanic slime creature is heavily wounded.
The titanic slime creature hits you!!!
Ouch! That really hurt!
You die...
Your body glows with a rainbow of weird colours and disappears.

+# .# ##.# ##.###
#.. ...... ##.###
...... #....# ......
######J@..#
......####....)....#
....J.#....####....#
....(.#.#### #....#
......O.# ######
......### ######


You could see a titanic slime creature.

Vanquished Creatures
  A two-headed ogre (D:10)
  Pikel (D:8)
  An ugly thing (D:8)
  A gargoyle (D:8)
  2 kobold demonologists (Bailey)
  Grinder (D:4)
  A slime creature (D:10)
  Sigmund (D:4)
  2 shadows
  4 water moccasins
  3 black bears
  An ice beast (D:8)
  2 ogres (D:5)
  10 orc warriors
  3 centaurs
  2 lemures (D:8)
  4 kobold brigands
  2 phantoms
  4 bullfrogs
  2 scorpions
  14 wights
  3 howler monkeys
  2 hounds (D:6)
  An orc priest (D:7)
  A jelly (D:5)
  A gnoll bouda (D:6)
  3 sleepcaps
  2 iguanas
  4 orc wizards
  Robin (D:3)
  13 gnolls
  7 adders
  3 white imps
  3 worms
  A dart slug (D:2)
  37 orcs
  4 bats
  5 endoplasms
  5 giant cockroaches
  29 goblins
  18 hobgoblins
  2 jackals (D:3)
  29 kobolds
  8 quokkas
  7 ball pythons
  5 frilled lizards
  8 rats
264 creatures vanquished.

Vanquished Creatures (others)
  A jelly (D:5)
1 creature vanquished.

Grand Total: 265 creatures vanquished

Notes
Turn   | Place    | Note
-------+----------+-------------------------------------------
     0 | D:1      | edwardauron the Demonspawn Gladiator began the quest for
                  | the Orb.
     0 | D:1      | Reached XP level 1. HP: 16/16 MP: 1/1
    13 | D:1      | Noticed a minotaur skeleton
    47 | D:1      | Reached skill level 3 in Axes
   123 | D:1      | Gained mutation: You are partially covered in sharp spines.
                  | [demonic ancestry]
   123 | D:1      | Reached XP level 2. HP: 21/22 MP: 2/2
   416 | D:1      | Found a faded altar of an unknown god.
   437 | D:1      | Reached XP level 3. HP: 27/27 MP: 3/3
   658 | D:1      | Identified 3 scrolls of acquirement
   658 | D:1      | Acquired 1058 gold pieces
   660 | D:1      | Acquired the +9 broad axe of Asia {speed, rC+ Int+4}
   664 | D:1      | Acquired a ring of see invisible
   694 | D:2      | Reached skill level 4 in Axes
   728 | D:2      | Reached skill level 1 in Shields
   741 | D:2      | Identified the +0 pair of boots "Izixeli" {rF+ rCorr}
   972 | D:2      | Gained mutation: You may rarely emit foul miasma when
                  | damaged in melee. [demonic ancestry]
   972 | D:2      | Reached XP level 4. HP: 28/33 MP: 4/4
  1345 | D:3      | Noticed Robin
  1359 | D:3      | Killed Robin
  1964 | D:4      | Noticed Grinder
  1964 | D:4      | Noticed a phantom
  1975 | D:3      | Killed a phantom
  1976 | D:3      | Reached XP level 5. HP: 36/38 MP: 5/5
  1987 | D:4      | Paralysed by Grinder for 3 turns
  1994 | D:4      | Killed Grinder
  1995 | D:4      | Reached skill level 5 in Axes
  1995 | D:4      | Gained mutation: You sometimes emit foul miasma when
                  | damaged in melee. [demonic ancestry]
  1995 | D:4      | Reached XP level 6. HP: 39/44 MP: 6/6
  2118 | D:4      | Noticed Sigmund
  2137 | D:4      | Killed Sigmund
  2138 | D:4      | Reached skill level 6 in Axes
  2138 | D:4      | Reached XP level 7. HP: 50/50 MP: 7/7
  2493 | D:5      | Entered Level 5 of the Dungeon
  2760 | D:5      | Found an ancient bone altar of Kikubaaqudgha.
  2797 | D:5      | Reached skill level 5 in Shields
  2807 | D:5      | Gained mutation: You have sharp fingernails. [demonic
                  | ancestry]
  2807 | D:5      | Reached XP level 8. HP: 31/56 MP: 8/8
  2929 | D:5      | Reached skill level 7 in Axes
  2987 | D:5      | Found Daopir's Jewellery Shop.
  2996 | D:5      | Bought the amulet of the Four Winds {rN+ Will+++ Clar} for
                  | 789 gold pieces
  2996 | D:5      | Found the amulet of the Four Winds {rN+ Will+++ Clar}
  3167 | D:5      | Found a stormy altar of Qazlal.
  3478 | D:6      | Found a sparkling altar of Nemelex Xobeh.
  3522 | D:6      | Became a worshipper of Nemelex Xobeh the Trickster
  3552 | D:6      | Reached skill level 1 in Invocations
  3636 | D:6      | Found a staircase to the Ecumenical Temple.
  3699 | D:6      | Reached skill level 8 in Axes
  3722 | D:6      | Gained mutation: You have a somewhat thin skeletal
                  | structure. (Dex +2, Stealth+) [demonic ancestry]
  3722 | D:6      | Reached XP level 9. HP: 17/61 MP: 11/11
  4242 | D:6      | Found an ornate altar of the Wu Jian Council.
  4470 | D:7      | Reached skill level 1 in Armour
  4568 | D:7      | Reached skill level 5 in Invocations
  5111 | D:7      | Reached * piety under Nemelex Xobeh
  5153 | D:7      | Reached skill level 9 in Axes
  5447 | D:8      | Noticed Pikel
  5449 | D:8      | Noticed a gargoyle
  5488 | D:8      | Found a flagged portal.
  5498 | Bailey   | Entered a bailey
  5914 | Bailey   | Found an iron altar of Okawaru.
  5918 | Bailey   | Noticed a kobold demonologist
  5918 | Bailey   | Noticed a kobold demonologist
  5927 | Bailey   | Gained mutation: Your body sometimes deteriorates upon
                  | taking damage. [potion of mutation]
  5936 | Bailey   | Reached XP level 10. HP: 67/67 MP: 15/15
  5948 | Bailey   | Found the +7 captain's cutlass {speed, disarm}
  5975 | Bailey   | Acquired 832 gold pieces
  6467 | D:8      | Received a gift from Nemelex Xobeh
  6515 | D:8      | Killed Pikel
  6544 | D:8      | Killed a gargoyle
  6545 | D:8      | Reached skill level 10 in Axes
  6545 | D:8      | Reached skill level 5 in Armour
  6687 | D:8      | Noticed a brown ugly thing
  6696 | D:8      | Killed a brown ugly thing
  6702 | D:8      | Reached ** piety under Nemelex Xobeh
  6702 | D:8      | Identified the +0 halberd "Arghut" {speed, Stlth+}
  6819 | D:8      | Found a hazy altar of Hepliaklqana.
  7003 | D:9      | Found a snail-covered altar of Cheibriados.
  7309 | D:9      | Received a gift from Nemelex Xobeh
  7635 | D:10     | Entered Level 10 of the Dungeon
  7648 | D:10     | Noticed a two-headed ogre
  7682 | D:10     | Killed a two-headed ogre
  7686 | D:10     | Demolished by a titanic slime creature

Illustrated notes

Levels and vault maps discovered:
D:1:      shiori_arrival_whats_in_store_for_you, layout_basic,
          nicolae_ecumenical_snake_handling, minivault_11
D:2:      layout_rooms, dreamdust_mushroom_princess, columned_hall_lemuel,
          serial_park_tiny_1, minmay_domino_4
D:3:      layout_loops_corners, minmay_misc_feat_x, kennysheep_doodads,
          uniq_robin
D:4:      layout_cave_pools, uniq_sigmund, uniq_grinder
D:5:      layout_basic, amcnicky_altar_gilded, grunt_qazlal_clouds,
          serial_shops, nicolae_shop_waterfront
D:6:      layout_rooms, lemuel_crystal_altar, mainiacjoe_overflow_alcove_4,
          zin_treasury, minmay_temple_entry_grid, kennysheep_crisscross,
          kennysheep_big_empty_room
D:7:      layout_gridville
D:8:      layout_loops_ring, kennysheep_little_box, tso_oasis_becter,
          enter_bailey_7, minmay_radiant, uniq_pikel
D:9:      layout_irregular_city, mainiacjoe_overflow_boulevard
D:10:     layout_roguey [special_room_bee], kennysheep_mini_moat, uniq_josephine

Skill      XL: |  1  2  3  4  5  6  7  8  9 10 |
---------------+-------------------------------+-----
Axes           | 3 4 5 6 8 9 10 | 10.5
Shields        | 1 2 3 4 5 7 |  7.2
Invocations    | 3 7 9 |  9.8
Armour         | 3 6 |  6.0
Fighting       | |  2.0
Throwing       | |  1.7
Dodging        | |  2.6

Action                     |  1- 3 |  4- 6 |  7- 9 | 10-12 || total
---------------------------+-------+-------+-------+-------++-------
  Melee: War axe           |    43 |       |       |       ||    43
         Punch             |     1 |       |       |       ||     1
         Broad axe         |    20 |    66 |   273 |   111 ||   470
  Throw: Throwing net      |     1 |       |       |       ||     1
    Use: Scroll            |     3 |       |    10 |     3 ||    16
         Potion            |       |     1 |     6 |       ||     7
   Stab: Sleeping          |     1 |     1 |     4 |     3 ||     9
 Armour: Leather armour    |    24 |     9 |    43 |    15 ||    91
  Dodge: Dodged            |    32 |    31 |   105 |    38 ||   206
  Block: Buckler           |     3 |    13 |    54 |    21 ||    91

Table legend: (Time is in decaauts)
 A = Elapsed time spent in this place.
 B = Non-inter-level travel time spent in this place.
 C = Inter-level travel time spent in this place.
 D = Time resting spent in this place.
 E = Time spent auto-exploring this place.
 F = Levels seen in this place.
 G = Mean time per level.
                   A        B        C        D        E       F      G
               +--------+--------+--------+--------+--------+-----+--------+
         Total |   7634 |   7392 |    242 |    884 |   5027 |  11 |  694.0 |
       Dungeon |   6929 |   6687 |    242 |    609 |   4842 |  10 |  692.9 |
        Bailey |    705 |    705 |      0 |    275 |    184 |   1 |  705.0 |
               +--------+--------+--------+--------+--------+-----+--------+

Top non-repeatable levels by time:
     D:5: 1075 daAuts
     D:7: 964 daAuts
     D:3: 949 daAuts
     D:6: 871 daAuts
     D:8: 778 daAuts
  Bailey: 705 daAuts
     D:9: 695 daAuts
     D:1: 684 daAuts
     D:4: 514 daAuts
     D:2: 355 daAuts
    D:10: 39 daAuts
